 Dungeon Crawl Stone Soup version 0.24-a0-443-g80245de385 (webtiles) character file.

Game seed: 6421448653302492251

119 theanonym the Insei (level 5, -1/37 HPs)
             Began as a Merfolk Transmuter on June 21, 2019.
             Slain by an orc
             ... wielding a +0 war axe
              (5 damage)
             ... on level 3 of the Dungeon.
             The game lasted 00:03:56 (2559 turns).

theanonym the Insei (Merfolk Transmuter)            Turns: 2559, Time: 00:03:56

Health: -1/37      AC:  2    Str: 10    XL:     5   Next: 3%
Magic:  4/9        EV: 13    Int: 13    God:
Gold:   101        SH:  0    Dex: 15    Spells: 2/9 levels left

rFire    . . .     SeeInvis .     - Unarmed
rCold    . . .     Gourm    .   (no shield)
rNeg     . . .     Faith    .   b - +0 robe
rPois    .         Spirit   .   (no helmet)
rElec    .         Reflect  .   (no cloak)
rCorr    .         Harm     .   (no gloves)
MR       .....                  (no boots)
Stlth    +.........             (no amulet)
HPRegen  0.12/turn              (no ring)
MPRegen  0.11/turn              (no ring)

@: appendage (expiring)
A: change form in water, swift swim, stealthy swim, horns 2
a: End Transformation


Innate Abilities, Weirdness & Mutations

You revert to your normal form in water You are very nimble and swift while swimming.
You are very stealthy in the water. (Stealth+)
You have a pair of horns on your head.


   Skills:
 - Level 1.1 Fighting
 - Level 2.6 Dodging
 * Level 4.8 Unarmed Combat
 + Level 2.8 Spellcasting
 + Level 4.0 Transmutations
 + Level 0.4 Ice Magic


You had 2 spell levels left.
You knew the following spells:

 Your Spells              Type           Power        Failure   Level  Hunger
a - Beastly Appendage     Tmut           ##....       4%          1    #......
b - Sticks to Snakes      Tmut           ##......     7%          2    ###....
c - Ice Form              Ice/Tmut       #.......     67%         4    #####..

Your spell library contained the following spells:

 Spells                   Type           Power        Failure   Level  Hunger
 Spider Form              Tmut/Pois      #.........   30%         3    ###....
 Blade Hands              Tmut           ##........   77%         5    ######.

Skill      XL: |  1  2  3  4 |
---------------+-------------+-----
Transmutations | 3 4 |  4.0
Unarmed Combat | 4 |  4.8
Fighting       | |  1.1
Dodging        | |  2.6
Spellcasting   | |  2.8
Ice Magic      | |  0.4

Action                   |  1- 3 |  4- 6 || total
-------------------------+-------+-------++-------
Melee: Unarmed           |   112 |    56 ||   168
       Headbutt          |     9 |     2 ||    11
       Punch             |     1 |     1 ||     2
 Cast: Beastly Appendage |    13 |     5 ||    18
       Sticks to Snakes  |     2 |     5 ||     7
  Use: Scroll            |       |     2 ||     2
 Stab: Sleeping          |       |     2 ||     2
  Eat: Chunk             |     3 |     2 ||     5
Armor: Robe              |    13 |     8 ||    21
Dodge: Dodged            |    74 |    49 ||   123

Inventory:

Missiles
 a - 37 arrows
 p - 2 throwing nets (quivered)
Armour
 b - a +0 robe (worn)
 h - a +0 helmet
Wands
 l - a wand of random effects (17)
Scrolls
 c - 2 scrolls of blinking {unknown}
 d - 2 scrolls of remove curse {unknown}
 g - a scroll of fog {unknown}
 m - a scroll of magic mapping {unknown}
 o - a scroll of noise {unknown}
 q - a scroll of teleportation {unknown}
 r - a scroll of identify
Potions
 f - a potion of invisibility
 i - a potion of lignification {unknown}
 j - 3 potions of agility
 k - a potion of mutation {unknown}
Comestibles
 e - 6 rations


You were on level 3 of the Dungeon.
You were very hungry.
You had grown temporary horns.
You visited 1 branch of the dungeon, and saw 3 of its levels.

You collected 101 gold pieces.

Dungeon Overview and Level Annotations

Branches:
Dungeon (3/15)

Altars:
Qazlal

#... ###..# #....##.#
....###.......#
.....#.#......
#..#.#.#......
#..#...[..... .
##.o........ #...#@).##..#
##..S{.....##
#...S.......####
####.#...####.....#####.
##...........####........
##.....^.......###........
#...............##........
#.....<...................
#...................####.#


You could see an orc, a friendly adder and a friendly ball python.

Notes
Turn   | Place    | Note
-------+----------+-------------------------------------------
     0 | D:1      | theanonym the Merfolk Transmuter began the quest for the
                  | Orb.
     0 | D:1      | Reached XP level 1. HP: 15/15 MP: 3/3
   247 | D:1      | Reached XP level 2. HP: 18/21 MP: 3/5
   268 | D:1      | Reached skill level 3 in Transmutations
   427 | D:1      | Learned a level 2 spell: Sticks to Snakes
   576 | D:1      | HP: 10/21 [jackal (2)]
   963 | D:1      | HP: 9/21 [kobold/+0 short sword (5)]
  1250 | D:1      | Reached skill level 4 in Unarmed Combat
  1250 | D:1      | Reached XP level 3. HP: 22/26 MP: 4/6
  1451 | D:1      | theanonym: !lg * class=tm win s=crace
  1451 | D:1      | meem: 2734 games for * (class=tm win): 470x Draconian, 330x
                  | Octopode, 251x Merfolk, 209x Naga, 204x Felid, 142x
                  | Demonspawn, 128x Ogre, 109x Gnoll, 96x Demigod, 85x Troll,
                  | 72x Minotaur, 72x Vine Stalker, 60x Sludge Elf, 44x Hill
                  | Orc, 42x Gargoyle, 39x Deep Dwarf, 38x Human, 38x Barachi,
                  | 37x Spriggan, 37x Centaur, 37x Vampire, 35x Tengu, 35x
                  | Halfling, 32x Formicid, 30x Kobold, 22x High Elf, 20x Deep
                  | Elf,...
  1531 | D:2      | Found a stormy altar of Qazlal.
  1583 | D:2      | HP: 13/26 [poisoned by an adder]
  1588 | D:2      | HP: 10/26 [adder (1)]
  1594 | D:2      | HP: 6/26 [adder (4)]
  1605 | D:2      | HP: 6/26 [adder (1)]
  1607 | D:2      | Reached XP level 4. HP: 7/32 MP: 2/7
  1866 | D:2      | Learned a level 4 spell: Ice Form
  1956 | D:2      | HP: 14/32 [hobgoblin/cursed -3 club (3)]
  1963 | D:2      | HP: 11/32 [poisoned by a goblin]
  2326 | D:2      | theanonym: !lg * class=tm win s=god
  2326 | D:2      | meem: 2734 games for * (class=tm win): 813x Cheibriados,
                  | 316x Okawaru, 224x Makhleb, 214x Ru, 136x Ashenzari, 107x,
                  | 97x Gozag, 92x Wu Jian, 89x Jiyva, 79x Sif Muna, 74x The
                  | Shining One, 73x Nemelex Xobeh, 67x Kikubaaqudgha, 56x
                  | Dithmenos, 53x Fedhas, 35x Yredelemnul, 31x Elyvilon, 29x
                  | Hepliaklqana, 28x Qazlal, 23x Uskayaw, 19x Trog, 17x Zin,
                  | 15x Xom, 15x Lugonu, 13x Vehumet, 13x Beogh, 4x Wudzu,
                  | Pakell...
  2557 | D:3      | HP: 16/32 [orc wizard/+0 dagger (1)]
  2558 | D:3      | HP: 4/32 [something (4)]
  2559 | D:3      | Reached skill level 4 in Transmutations
  2559 | D:3      | Reached XP level 5. HP: 4/37 MP: 4/9
  2559 | D:3      | Slain by an orc

Vanquished Creatures
  A hound skeleton (D:2)
  4 adders (D:2)
  A dart slug (D:1)
  A leopard gecko (D:2)
  An orc (D:3)
  5 bats
  4 giant cockroaches
  8 hobgoblins
  4 jackals (D:1)
  5 kobolds
  A quokka (D:2)
  A ball python (D:1)
  4 frilled lizards (D:2)
  2 goblins (D:2)
  A leopard gecko skeleton (D:2)
  7 rats
50 creatures vanquished.

Vanquished Creatures (collateral kills)
  An orc wizard (D:3)
  A hobgoblin (D:2)
2 creatures vanquished.

Grand Total: 52 creatures vanquished

Table legend:
 A = Turns spent in this place as a percentage of turns spent in the entire game.
 B = Non-inter-level travel turns spent in this place as a percentage of non-inter-level travel turns spent in the entire game.
 C = Inter-level travel turns spent in this place as a percentage of turns spent in this place.
 D = Turns resting spent in this place as a percentage of non-inter-level travel turns spent in this place.
 E = Turns spent auto-exploring this place as a percentage of non-inter-level travel turns spent in this place.
 F = Non-inter-level travel turns spent in this place divided by the number of levels of this place that you've seen.
                   A       B       C       D       E      F
               +-------+-------+-------+-------+-------+----------------------
         Total | 100.0 | 100.0 |   4.4 |  43.8 |  41.4 | 815.7
       Dungeon | 100.0 | 100.0 |   4.4 |  43.8 |  41.4 | 815.7
               +-------+-------+-------+-------+-------+----------------------
